 Dungeon Crawl Stone Soup version 0.30-b1-2-g02819fbbbe (webtiles) character file.

Game seed: 4981652843357335504

481 funkygono the Covered (level 6, -1/46 (55) HPs)
             Began as a Minotaur Fighter on May 22, 2023.
             Slain by Edmund
             ... wielding a +8 flail of draining
              (4 damage)
             ... on level 4 of the Dungeon.
             The game lasted 00:05:13 (3753 turns).

funkygono the Covered (Minotaur Fighter)            Turns: 3753, Time: 00:05:15

HP:   -1/46 (55)    AC: 10    Str: 22    XL:     6   Next: 87%
MP:   5/5           EV: 10    Int:  5    God:
Gold: 119           SH:  4    Dex: 10    Spells: 5/5 levels left

rFire   + . .        a - +0 war axe
rCold   . . .        c - +0 buckler
rNeg    . . .        s - +1 ring mail {rF+}
rPois   +            g - +1 hat
rElec   .            o - +0 cloak
rCorr   .            r - +0 pair of gloves
SInv    .            (no boots)
Will    .....        l - amulet of the acrobat
Stlth   +            m - ring of poison resistance
HPRegen 0.27/turn    (no ring)
MPRegen 0.09/turn

%: acrobat
@: heavily drained
A: horns 2, retaliatory headbutt
a: no special abilities


You were on level 4 of the Dungeon.
You visited 2 branches of the dungeon, and saw 5 of its levels.

You collected 119 gold pieces.

Inventory:

Hand Weapons
 a - a +0 war axe (weapon)
Missiles
 k - 3 poisoned darts (quivered)
Armour
 c - a +0 buckler (worn)
 g - a +1 hat (worn)
 o - a +0 cloak (worn)
 r - a +0 pair of gloves (worn)
 s - a +1 ring mail of fire resistance (worn)
Jewellery
 l - an amulet of the acrobat (around neck)
 m - a ring of poison resistance (left hand)
Scrolls
 b - a scroll of teleportation
 p - 2 scrolls of amnesia
 t - a scroll of silence
 v - a scroll of fear {unknown}
 w - a scroll of identify
 y - a scroll of magic mapping {unknown}
Potions
 d - a potion of might
 e - 2 potions of curing
 f - 2 potions of ambrosia
 h - a potion of attraction {unknown}
 i - a potion of lignification {unknown}
 j - 3 potions of heal wounds
 n - 2 potions of berserk rage {unknown}
 q - 2 potions of magic {unknown}
 u - a potion of resistance {unknown}
 x - a potion of haste {unknown}


   Skills:
 + Level 4.9 Fighting
 + Level 5.8 Axes
 + Level 5.8 Armour
 + Level 1.5 Dodging
 + Level 0.6 Stealth
 + Level 4.4 Shields


You had 5 spell levels left.
You didn't know any spells.
Your spell library contained the following spells:

 Spells                   Type           Power      Damage    Failure   Level
 Foxfire                  Conj/Fire      0%         2x1d4     69%         1
 Shock                    Conj/Air       0%         1d3       69%         1
 Swiftness                Air            0%         N/A       96%         3
 Airstrike                Air            0%         2d(0-16)  100%        4
 Fireball                 Conj/Fire      0%         3d3       100%        5
 Plasma Beam              Fire/Air       0%         2x1d11    100%        6
 Starburst                Conj/Fire      0%         6d3       100%        6


Dungeon Overview and Level Annotations

Branches:
Dungeon (4/15)             Temple (1/1) D:4

Altars:
Ashenzari
Cheibriados
Elyvilon
Hepliaklqana
Kikubaaqudgha
Wu Jian
Xom
Yredelemnul
The Shining One

Annotations:
D:4 Edmund


Innate Abilities, Weirdness & Mutations

You have a pair of horns on your head.
You reflexively headbutt those who attack you in melee.


Message History

You closely miss the adder. You headbutt the adder.
You kill the adder!
You see here an adder corpse.
A scorpion comes into view.
Found 13 gold pieces.
There is an open door here.
The scorpion misses you.
You slash the scorpion!
The scorpion is heavily wounded.
The scorpion closely misses you. The scorpion barely misses you.
You hit the scorpion. You headbutt the scorpion.
You kill the scorpion!
There is an open door here.
You now have 119 gold pieces (gained 13).
There is an open door here.
y - a scroll labelled KOUDOYMEIM Edmund the Younger comes into view.
He is wielding a +8 flail of draining and wearing a +1 ring mail of willpower.
Edmund hits you with a +8 flail of draining!
You feel drained.
You hit Edmund but do no damage. Edmund barely misses you.
You slash Edmund!
Edmund is moderately wounded.
Edmund hits you with a +8 flail of draining.
You feel drained.
You slash Edmund!
Edmund is heavily wounded.
Edmund says, "Everyone always remembers my brother. 'Who's Edmund?' they ask!"
You block Edmund's attack.
You closely miss Edmund.
Edmund is heavily wounded.
Edmund hits you with a +8 flail of draining!
You feel drained.
You hit Edmund but do no damage.
Edmund is heavily wounded.
Edmund hits you with a +8 flail of draining!
You feel drained.
Edmund hits you with a +8 flail of draining!
* * * LOW HITPOINT WARNING * * *
You feel drained.
You die...

#.........# #....# #.......
#.........# #....# #.......
#..###########.... #.......
###....#.##.#..#### #######.
#....'..........# #.
#....#..........# #.
####....#..######.#### #########.
..#....##..######....# #....#..#.
..#....#...#...@@...## #....#..#.
..#....#...#........# #....#..#.
..#....#...#........# #....#..'.
..#>...'...#........# #....#..#.
..#....#...##..#########....####.
###....#########..........####...
#....# #...#..........#..#...
#..†.# #...#..........#..#...
#....# #...+..........#..#...


You could see Edmund.

Vanquished Creatures
  An ogre (D:4)
  2 scorpions (D:4)
  Crazy Yiuf (D:2)
  An orc priest (D:4)
  An iguana (D:2)
  A sleepcap (D:4)
  8 adders
  5 worms
  A dart slug (D:1)
  6 orcs (D:4)
  6 endoplasms
  5 giant cockroaches
  10 goblins
  6 hobgoblins
  5 kobolds
  2 quokkas
  3 ball pythons
  8 bats
  4 frilled lizards
  3 rats
79 creatures vanquished.

Notes
Turn   | Place    | Note
-------+----------+-------------------------------------------
     0 | D:1      | funkygono the Minotaur Fighter began the quest for the Orb.
     0 | D:1      | Reached XP level 1. HP: 19/19 MP: 0/0
   139 | D:1      | Reached XP level 2. HP: 26/26 MP: 1/1
   656 | D:2      | Reached XP level 3. HP: 33/33 MP: 2/2
  1009 | D:2      | Found a runed translucent door.
  1010 | D:2      | Noticed Crazy Yiuf
  1168 | D:2      | Identified the +2 robe of Pessimism {rF+}
  1198 | D:2      | Reached XP level 4. HP: 30/41 MP: 3/3
  1782 | D:2      | Killed Crazy Yiuf
  1783 | D:2      | Reached skill level 5 in Armour
  1783 | D:2      | Reached XP level 5. HP: 4/47 MP: 1/4
  2385 | D:3      | Reached skill level 1 in Dodging
  2959 | D:4      | Reached XP level 6. HP: 45/53 MP: 5/5
  3155 | D:4      | Reached skill level 5 in Axes
  3223 | D:4      | Found a staircase to the Ecumenical Temple.
  3248 | Temple   | Entered the Ecumenical Temple
  3747 | D:4      | Noticed Edmund
  3753 | D:4      | Slain by Edmund

Illustrated notes

Levels and vault maps discovered:
D:1:      heliophobic_arrival_ceremonial_halls, layout_basic
D:2:      layout_loops_corners, st_stairs_2, minmay_surrounded,
          uniq_crazy_yiuf_cottage
D:3:      layout_basic
D:4:      layout_gridville, temple_doors_e, uniq_edmund
Temple:   compressed_dpeg_triangle_lava_temple

Skill      XL: |  1  2  3  4  5  6 |
---------------+-------------------+-----
Armour         | 4 5 |  5.8
Fighting       | 4 |  4.9
Axes           | 3 4 5 |  5.8
Shields        | 4 |  4.4
Dodging        | 1 |  1.5
Stealth        | |  0.6

Action                     |  1- 3 |  4- 6 || total
---------------------------+-------+-------++-------
  Melee: War axe           |    61 |   123 ||   184
         Headbutt          |     7 |    14 ||    21
    Use: Scroll            |       |     8 ||     8
 Armour: Scale mail        |    40 |    27 ||    67
         Ring mail         |       |    20 ||    20
  Dodge: Dodged            |    22 |    75 ||    97
  Block: Buckler           |     7 |    36 ||    43
